 Dungeon Crawl Stone Soup version 0.24-a0-447-ge8da920 (webtiles) character file.

Game seed: 8677019668048192969

269 silenth the Cudgeler (level 6, 0/49 HPs)
             Began as a Human Berserker on June 25, 2019.
             Was a Believer of Trog.
             Slain by an orc
             ... wielding a +0 mace
              (2 damage)
             ... while paralysed
             ... on level 4 of the Dungeon.
             The game lasted 00:04:50 (2912 turns).

silenth the Cudgeler (Human Berserker)              Turns: 2912, Time: 00:04:50

Health: 0/49       AC:  6    Str: 17    XL:     6   Next: 46%
Magic:  6/6        EV:  2    Int:  7    God:    Trog [**....]
Gold:   189        SH:  0    Dex: 15    Spells: 5/5 levels left

rFire    . . .     SeeInvis .   a - +0 mace
rCold    . . .     Gourm    .   (no shield)
rNeg     . . .     Faith    .   r - +0 scale mail
rPois    .         Spirit   .   (no helmet)
rElec    .         Reflect  .   (no cloak)
rCorr    .         Harm     .   (no gloves)
MR       .....                  (no boots)
Stlth    ..........             (no amulet)
HPRegen  0.16/turn              (no ring)
MPRegen  0.10/turn              (no ring)

@: paralysed, berserk cooldown, slowed
A: no striking features
a: Berserk, Trog's Hand, Renounce Religion


You were on level 4 of the Dungeon.
You worshipped Trog.
Trog was pleased with you.
You were near starving.

You visited 1 branch of the dungeon, and saw 4 of its levels.

You collected 189 gold pieces.

Inventory:

Hand Weapons
 a - a +0 mace (weapon)
Armour
 b - a +0 animal skin
 d - a +0 ring mail
 r - a +0 scale mail (worn)
Scrolls
 c - 2 scrolls of fear {unknown}
 f - 2 scrolls of teleportation {unknown}
 h - a scroll of noise {unknown}
 i - 2 scrolls of enchant armour {unknown}
 j - 3 scrolls of identify {unknown}
 l - 2 scrolls of remove curse {unknown}
 q - 3 scrolls of immolation {unknown}
Potions
 g - a potion of curing {unknown}
 k - a potion of agility {unknown}
 m - 2 potions of cancellation {unknown}
 n - a potion of flight {unknown}
 o - 2 potions of heal wounds {unknown}
 p - a potion of lignification {unknown}
Comestibles
 e - 9 rations


   Skills:
 + Level 4.5 Fighting
 * Level 5.8 Maces & Flails
 - Level 2.0 Armour
 - Level 2.0 Dodging


You had 5 spell levels left.
You didn't know any spells.
Your spell library was empty.

Dungeon Overview and Level Annotations

Branches:
Dungeon (4/15)
 Temple: D:4-7

Altars:
Elyvilon
Vehumet
Zin

Shops:
D:4 :

Annotations:
D:3 3 runed translucent doors, HavelTheRock's ghost, weakling DsFi


Message History

Your experience leads to an increase in your attributes!
Your base attributes are Str 17, Int 7, Dex 14.
Increase (S)trength, (I)ntelligence, or (D)exterity?
You feel agile.
You barely miss the howler monkey skeleton.
The howler monkey skeleton is almost destroyed.
The howler monkey skeleton hits you but does no damage.
You hit the howler monkey skeleton.
You destroy the howler monkey skeleton!
Trog accepts your kill.
You hit the orc but do no damage. You hit the orc.
The orc is heavily wounded.
You are no longer berserk.
You pass out from exhaustion.
You feel yourself slow down. The orc hits you with a +0 mace.
* * * LOW HITPOINT WARNING * * *
The orc hits you but does no damage. The orc hits you with a +0 mace.
You die...

#... #.....#.####.#.
....##.............
.....#..>.........#
##........... #..### ...
..........##. ##.... ..#.#
..........##.##...## #.#.#
#..........#.#.....##.#.#.#
........##o#........#.#.#.#
.........#@##.........#.#.#
....................###....
##########...#.............
#.░.░.......###...
#..∩.........##...
##░.░......#....#.
#...[...........
##............#.
###(......#..#.


You could see an orc.

Vanquished Creatures
  An ogre (D:4)
  An orc priest (D:3)
  An orc wizard (D:3)
  A howler monkey skeleton (D:4)
  4 adders
  2 worms
  5 dart slugs (D:1)
  A leopard gecko (D:2)
  5 orcs
  10 bats
  3 giant cockroaches (D:1)
  4 goblins
  7 hobgoblins
  5 kobolds
  A quokka (D:2)
  2 ball pythons
  8 frilled lizards
  A quokka skeleton (D:4)
  3 rats
65 creatures vanquished.

Notes
Turn   | Place    | Note
-------+----------+-------------------------------------------
     0 | D:1      | silenth the Human Berserker began the quest for the Orb.
     0 | D:1      | Reached XP level 1. HP: 18/18 MP: 1/1
    27 | D:1      | HP: 1/18 [hobgoblin/+0 club (2)]
   423 | D:1      | Reached XP level 2. HP: 23/24 MP: 2/2
   637 | D:1      | Reached XP level 3. HP: 29/29 MP: 3/3
  1301 | D:2      | Reached skill level 4 in Maces & Flails
  1577 | D:2      | Reached XP level 4. HP: 31/36 MP: 4/4
  1914 | D:2      | Reached ** piety under Trog
  2342 | D:3      | Found a radiant altar of Vehumet.
  2356 | D:3      | Reached XP level 5. HP: 42/42 MP: 5/5
  2357 | D:3      | Reached skill level 4 in Fighting
  2365 | D:3      | Reached skill level 5 in Maces & Flails
  2456 | D:3      | Found a glowing silver altar of Zin.
  2765 | D:3      | Found a runed translucent gate.
  2765 | D:3      | Found a runed translucent gate.
  2765 | D:3      | Noticed HavelTheRock's ghost (weakling DsFi)
  2765 | D:3      | Noticed a big kobold
  2776 | D:3      | Found a runed translucent gate.
  2778 | D:3      | Identified the +8 whip of Zuimpur {venom, -Tele rC++ SInv
                  | Stlth+}
  2778 | D:3      | Noticed a big kobold
  2827 | D:4      | Found a white marble altar of Elyvilon.
  2865 | D:4      | Found Gaupn's Book Boutique.
  2888 | D:4      | Noticed an ogre
  2905 | D:4      | HP: 4/63 [ogre/+0 giant spiked club (13)]
  2906 | D:4      | Killed an ogre
  2906 | D:4      | Reached XP level 6. HP: 5/49 MP: 6/6
  2910 | D:4      | HP: 1/49 [orc/+0 mace (2)]
  2912 | D:4      | Slain by an orc

Levels and vault maps discovered:
D:1:      minmay_arrival_floating_metal, layout_loops_ring, supply_closet_lemuel
D:2:      layout_basic
D:3:      layout_rooms, zin_treasury, old_standard_altar,
          gammafunk_ghost_nasty_kobolds, first_ration
D:4:      layout_rooms, elyvilon_altar_4, gammafunk_temple_overflow_pools,
          serial_shops, nicolae_shop_crystal, lemuel_tele_altar, uniq_ijyb,
          uniq_crazy_yiuf_cottage

Skill      XL: |  1  2  3  4  5 |
---------------+----------------+-----
Maces & Flails | 4 5 |  5.8
Fighting       | 4 |  4.5
Armour         | |  2.0
Dodging        | |  2.0

Action                   |  1- 3 |  4- 6 || total
-------------------------+-------+-------++-------
Melee: Mace              |   113 |   136 ||   249
Invok: Berserk           |       |     2 ||     2
  Eat: Chunk             |     2 |     5 ||     7
Armor: Animal skin       |     2 |       ||     2
       Ring mail         |    45 |    49 ||    94
       Scale mail        |       |     4 ||     4
Dodge: Dodged            |    82 |    79 ||   161

Table legend:
 A = Non-vault XP
 B = Vault XP
 C = Vault XP percentage of total XP
 D = Non-vault monster count
 E = Vault monster count
 F = Vault count percentage of total count
                 A         B        C        D         E       F
            +---------+---------+-------+---------+---------+-------
      Total |     385 |       0 |   0.0 |      65 |       0 |   0.0
            +---------+---------+-------+---------+---------+-------
        D:1 |      50 |       0 |   0.0 |      24 |       0 |   0.0
        D:2 |      68 |       0 |   0.0 |      18 |       0 |   0.0
        D:3 |     124 |       0 |   0.0 |      19 |       0 |   0.0
        D:4 |     143 |       0 |   0.0 |       4 |       0 |   0.0
            +---------+---------+-------+---------+---------+-------
